 Dungeon Sprint DCSS version 0.20.1-1-g8b1a95d (webtiles) character file.

1600 potatolord6000 the Evangelist (level 8, -7/80 HPs)
             Began as a Hill Orc Fire Elementalist on Sept 1, 2017.
             Was an Elder of Beogh.
             Mangled by a wight
             ... wielding a cursed +0 morningstar
              (11 damage)
             ... in the Dungeon (Sprint VII: "The Pits").
             The game lasted 00:10:31 (1329 turns).

potatolord6000 the Evangelist (HOFE)                Turns: 1329, Time: 00:10:32

Health: -7/80      AC:  3    Str: 14    XL:     8   Next: 94%
Magic:  9/16       EV: 11    Int: 17    God:    Beogh [****..]
Gold:   0          SH:  0    Dex: 14    Spells: 4/10 levels left

rFire    . . .     SeeInvis .   u - +2 halberd (venom)
rCold    . . .     Gourm    .   (shield currently unavailable)
rNeg     . . .     Faith    .   a - +0 robe
rPois    .         Spirit   .   (no helmet)
rElec    .         Reflect  .   (no cloak)
rCorr    .         Harm     .   m - +0 pair of gloves
MR       .....     NoTele   +   (no boots)
Stlth    +.........             (no amulet)
Regen    0.3/turn               i - +3 ring of strength
MPRegen  0.2/turn               p - +3 ring of dexterity

@: lethally poisoned (-7 -> -35), hasted, heavily drained, very quick
A: no striking features
a: Smiting, Recall Orcish Followers, Renounce Religion


You were in the Dungeon.
You worshipped Beogh.
Beogh was greatly pleased with you.
You were very full.

You visited 1 branch

Inventory:

Hand Weapons
 u - a +2 halberd of venom (weapon)
Armour
 a - a +0 robe (worn)
 m - a +0 pair of gloves (worn)
Jewellery
 i - a +3 ring of strength (left hand)
 p - a +3 ring of dexterity (right hand)
Scrolls
 k - 3 scrolls of remove curse
 l - 5 scrolls of amnesia
Potions
 d - 3 potions of curing
 e - a potion of heal wounds
 f - 3 potions of haste
 g - 2 potions of magic
 h - 3 potions of berserk rage
 j - 2 potions of invisibility
 q - a potion of brilliance
 r - a potion of resistance
 s - a potion of agility
 t - a potion of might
Books
 b - a book of Flames

   Spells                             Type                      Level
   a - Flame Tongue                   Conjuration/Fire             1
   b - Throw Flame                    Conjuration/Fire             2
   c - Conjure Flame                  Conjuration/Fire             3
   d - Inner Flame                    Hexes/Fire                   3
   e - Sticky Flame                   Conjuration/Fire             4
   f - Fireball                       Conjuration/Fire             5
Comestibles
 c - 8 bread rations
 n - 40 fruits
 o - 5 meat rations


   Skills:
 + Level 10.3(8.9) Fighting
   Level 6.1(7.0) Axes
 + Level 7.3(6.7) Polearms
 - Level 1.5(0.4) Dodging
 - Level 1.5(0.4) Stealth
 - Level 1.5(0.4) Spellcasting
 + Level 8.9(7.5) Conjurations
 + Level 10.2(8.7) Fire Magic
 + Level 11.3(9.8) Invocations


You had 4 spell levels left.
You knew the following spells:

 Your Spells              Type           Power        Failure   Level  Hunger
a - Flame Tongue          Conj/Fire      ####.        1%          1    ##.....
b - Throw Flame           Conj/Fire      ####..       1%          2    ###....
c - Conjure Flame         Conj/Fire      ####....     2%          3    ####...


Dungeon Overview and Level Annotations

Branches:
Dungeon (1/1)

Altars:
Ashenzari
Cheibriados
Dithmenos
Elyvilon
Fedhas
Gozag
Hepliaklqana
Kikubaaqudgha
Makhleb
Nemelex Xobeh
Okawaru
Qazlal
Ru
Sif Muna
Trog
Uskayaw
Vehumet
Xom
Yredelemnul
Zin
The Shining One
Beogh
Jiyva
Lugonu


Message History

Casting: Flame Tongue
Confirm with . or Enter, or press ? or * to list all spells.
Aiming: Flame Tongue
Press: ? - help, Shift-Dir - straight line, f/p - sea snake
Aim: a sea snake (lightly wounded)
The flame tongue hits the sea snake.
The sea snake is lightly wounded.
* * * LOW HITPOINT WARNING * * *
You feel sick.
Casting: Flame Tongue
Confirm with . or Enter, or press ? or * to list all spells.
Aiming: Flame Tongue
Press: ? - help, Shift-Dir - straight line, f/p - sea snake
Aim: a sea snake (lightly wounded)
The flame tongue hits the sea snake.
The sea snake is moderately wounded.
* * * LOW HITPOINT WARNING * * *
You feel sick. The sea snake completely misses you.
The wight hits you with a morningstar!
You die...

##.##................+
....'....)......)....+
#####......#..#......#
#[[##................#
#))#####+#####''######
#))##.......##''#
#))##.......##..##
#..##.......##...##
#'###...<...###)@.#
...##.......#
##zS......
...##.......#
rz###+###
#####.......# .z##
#..###########..
#.############..
#.#....#.![[###.
#)#....#...[# ##
#.[.)..'..))#


You could see a sea snake, a hell rat and 3 wights.

Vanquished Creatures
  A naga ritualist (D)
  A naga mage (D)
  A freezing wraith (D)
  A fire bat (D)
  A naga (D)
  A floating eye (D)
  An ogre (D)
  A wight (D)
  A quasit (D)
  An iguana (D)
  2 adders (D)
  A river rat (D)
  An adder skeleton (D)
  A leopard gecko (D)
  A ball python (D)
  A goblin (D)
  2 hobgoblins (D)
  2 jackals (D)
  A kobold (D)
  A bat (D)
  A rat (D)
24 creatures vanquished.

Vanquished Creatures (collateral kills)
  A quasit (D)
  A worker ant (D)
  An adder zombie (D)
  A hobgoblin (D)
  A jackal (D)
5 creatures vanquished.

Vanquished Creatures (others)
  An orc priest (D)
1 creature vanquished.

Grand Total: 30 creatures vanquished

Notes
Turn   | Place    | Note
-------+----------+-------------------------------------------
     0 | D        | potatolord6000 the Hill Orc Fire Elementalist began the quest for the Orb.
     0 | D        | Reached XP level 1. HP: 14/14 MP: 3/3
    12 | D        | Noticed a worker ant
    48 | D        | Found a bloodstained altar of Trog.
    48 | D        | Found a deep blue altar of Sif Muna.
    48 | D        | Found a viscous altar of Jiyva.
    48 | D        | Found a hazy altar of Hepliaklqana.
    48 | D        | Found an opulent altar of Gozag.
    49 | D        | Found a glowing golden altar of the Shining One.
    49 | D        | Found a glowing silver altar of Zin.
    49 | D        | Found a basalt altar of Yredelemnul.
    49 | D        | Found a shimmering altar of Xom.
    49 | D        | Found a sacrificial altar of Ru.
    49 | D        | Found a stormy altar of Qazlal.
    49 | D        | Found an iron altar of Okawaru.
    49 | D        | Found a sparkling altar of Nemelex Xobeh.
    49 | D        | Found a burning altar of Makhleb.
    49 | D        | Found a blossoming altar of Fedhas.
    49 | D        | Found a white marble altar of Elyvilon.
    49 | D        | Found a shadowy altar of Dithmenos.
    49 | D        | Found a snail-covered altar of Cheibriados.
    52 | D        | Found a corrupted altar of Lugonu.
    52 | D        | Found a radiant altar of Vehumet.
    52 | D        | Found a roughly hewn altar of Beogh.
    53 | D        | Found an ancient bone altar of Kikubaaqudgha.
    53 | D        | Found a hide-covered altar of Uskayaw.
    53 | D        | Found a shattered altar of Ashenzari.
    63 | D        | Became a worshipper of Beogh the Brigand
    92 | D        | Killed a worker ant
    92 | D        | Reached skill level 2 in Invocations
    92 | D        | Reached XP level 2. HP: 24/24 MP: 2/4
   112 | D        | Reached * piety under Beogh
   137 | D        | Reached skill level 3 in Invocations
   137 | D        | Reached XP level 3. HP: 13/30 MP: 0/5
   304 | D        | Reached ** piety under Beogh
   321 | D        | Learned a level 2 spell: Throw Flame
   327 | D        | Noticed a floating eye
   332 | D        | Paralysed by a floating eye for 4 turns
   337 | D        | Killed a floating eye
   337 | D        | Reached skill level 5 in Fighting
   337 | D        | Reached skill level 5 in Axes
   337 | D        | Reached skill level 5 in Fire Magic
   337 | D        | Reached skill level 5 in Invocations
   337 | D        | Reached XP level 4. HP: 42/42 MP: 0/8
   337 | D        | Reached XP level 5. HP: 48/48 MP: 0/9
   355 | D        | Reached *** piety under Beogh
   442 | D        | Learned a level 3 spell: Conjure Flame
   445 | D        | Noticed an ogre
   463 | D        | Reached skill level 6 in Invocations
   501 | D        | Killed an ogre
   501 | D        | Reached skill level 5 in Conjurations
   501 | D        | Reached skill level 7 in Invocations
   501 | D        | Reached XP level 6. HP: 58/58 MP: 3/11
   521 | D        | Reached **** piety under Beogh
   616 | D        | Reached skill level 1 in Polearms
   682 | D        | Noticed a freezing wraith
   687 | D        | Killed a freezing wraith
   687 | D        | Reached skill level 8 in Invocations
   687 | D        | Reached XP level 7. HP: 21/68 MP: 5/13
   908 | D        | Reached skill level 9 in Invocations
   953 | D        | Noticed a naga mage
   953 | D        | Noticed a naga ritualist
   953 | D        | Noticed a naga
   953 | D        | Noticed a fire bat
   955 | D        | Killed a naga mage
   955 | D        | Reached skill level 5 in Polearms
   955 | D        | Reached skill level 10 in Invocations
   955 | D        | Reached XP level 8. HP: 66/78 MP: 10/15
   963 | D        | Killed a naga ritualist
   963 | D        | Reached skill level 10 in Fighting
   963 | D        | Reached skill level 10 in Fire Magic
   963 | D        | Reached skill level 11 in Invocations
  1310 | D        | Noticed a sea snake
  1329 | D        | HP: 4/80 [poisoned by a sea snake]
  1329 | D        | Mangled by a wight

Skill      XL: |  1  2  3  4  5  6  7  8 |
---------------+-------------------------+-----
Fighting       | 2 5 6 8 9 10 | 10.3
Axes           | 2 3 5 6 |  6.1
Conjurations   | 2 4 5 6 7 8 |  8.9
Fire Magic     | 4 5 6 8 9 10 | 10.2
Invocations    | 2 3 5 7 8 10 11 | 11.3
Polearms       | 4 5 7 |  7.3
Dodging        | |  1.5
Stealth        | |  1.5
Spellcasting   | |  1.5

Action                   |  1- 3 |  4- 6 |  7- 9 || total
-------------------------+-------+-------+-------++-------
Melee: Hand axe          |    12 |    23 |       ||    35
       Trident           |       |     2 |     6 ||     8
       Halberd           |       |       |     4 ||     4
 Cast: Flame Tongue      |     8 |     9 |     7 ||    24
       Throw Flame       |     2 |     4 |       ||     6
       Conjure Flame     |       |     2 |       ||     2
Invok: Smiting           |       |     4 |    12 ||    16
  Use: Scroll            |     2 |       |       ||     2
       Potion            |     1 |     1 |     9 ||    11
  Eat: Meat ration       |       |     2 |       ||     2
Armor: Robe              |       |     6 |     9 ||    15
Dodge: Dodged            |     9 |    19 |    28 ||    56
